 Dungeon Crawl Stone Soup version 0.31-a0-1321-g5021b54cb2 (webtiles) character file.

Game seed: 16802394750834519069

1636133 jestert79 the Ninja (level 27, 222/222 HPs)
             Began as a Vampire Enchanter on Dec 16, 2023.
             Was the Champion of Cheibriados.
             Escaped with the Orb
             ... and 3 runes on Dec 20, 2023!
             The game lasted 11:54:16 (75425 turns).

jestert79 the Ninja (Vampire Enchanter)            Turns: 75425, Time: 11:54:17

Health: 222/222    AC: 15    Str: 22    XL:     27
Magic:  53/53      EV: 49    Int: 40    God:    Cheibriados [******]
Gold:   1504       SH:  0    Dex: 41    Spells: 1/60 levels left

rFire   + + .        a - +8 pair of quick blades "Gyre" and "Gimble" {protect}
rCold   . . .        (shield currently unavailable)
rNeg    + + .        N - +2 robe {Will+}
rPois   +            g - +2 helmet {Int+3}
rElec   +            D - +2 cloak {Stlth+}
rCorr   +            z - +2 pair of gloves {hurl}
SInv    +            B - +1 pair of boots of Afyfajap {rPois rN++ rCorr Int-2}
Will    ++++.        j - amulet of magic regeneration
Stlth   ++++         o - ring of Darkness {Wiz Will+ Int+4}
HPRegen 0.77/turn    y - ring "Yfri" {rElec rF++ MP+9}
MPRegen 0.73/turn

%: wizardry (x1)
@: healing quickly, studying 2 skills, very slow
A: alive, fangs 3, see invisible, vampiric 2, inability to drink after injury 1
0: Orb of Zot
}: 3/15 runes: serpentine, barnacled, silver
a: Exsanguinate, Renounce Religion, Bend Time, Temporal Distortion, Slouch, Step
From Time


You escaped.
You worshipped Cheibriados.
Cheibriados was exalted by your worship.
You visited 11 branches of the dungeon, and saw 55 of its levels.
You also visited: Trove, Sewer, Ice Cave and Wizlab.

You collected 7602 gold pieces.
You spent 6098 gold pieces at shops.

Inventory:

Hand Weapons
 a - the +8 pair of quick blades "Gyre" and "Gimble" (weapon) {protect}
   (You found it on level 14 of the Dungeon)
Missiles
 i - 4 throwing nets
Armour
 e - a +2 cloak of preservation
 f - a +2 pair of boots of flying
 g - a +2 helmet of intelligence (worn)
 z - a +2 pair of gloves of hurling (worn)
 B - the +1 pair of boots of Afyfajap (worn) {rPois rN++ rCorr Int-2}
   (You acquired it on level 4 of the Depths)

   Int-2:     It affects your intelligence (-2).
   rPois:     It protects you from poison rN++: It greatly protects you from
   negative energy.
   rCorr:     It protects you from acid and corrosion.
 D - a +2 cloak of stealth (worn)
 N - a +2 robe of willpower (worn)
Jewellery
 d - a +5 ring of evasion
 j - an amulet of magic regeneration (around neck)
 k - the amulet "Fuikalai" {rF+ Regen+ Str+7}
   (You found it in a treasure trove)

   [amulet of regeneration]

   Str+7:     It affects your strength (+7).
   rF+:       It protects you from fire.
   Regen+:    It increases your rate of health regeneration.
 m - the ring "Uhaibit" {rC+ rN+ Str+3 Int+3}
   (You found it in a treasure trove)

   [ring of positive energy]

   Str+3:     It affects your strength (+3).
   Int+3:     It affects your intelligence (+3).
   rC+:       It protects you from cold.
   rN+:       It protects you from negative energy.
 n - the ring of Cexoxeblu {rF+ Dex+4}
   (You found it in a treasure trove)

   [ring of protection from fire]

   Dex+4:     It affects your dexterity (+4).
   rF+:       It protects you from fire.
 o - the ring of Darkness (left hand) {Wiz Will+ Int+4}
   (You found it in a treasure trove)

   [ring of wizardry]

   Wiz:       It improves your spell success rate.
   Int+4:     It affects your intelligence (+4).
   Will+:     It increases your willpower.
 u - the ring of Finality {Fly rElec rN+ Stlth-}
   (You found it in a treasure trove)

   [ring of flight]

   rElec:     It insulates you from electricity.
   rN+:       It protects you from negative energy.
   Fly:       It grants you flight.
   Stlth-:    It makes you less stealthy.
 v - the ring of Riunt {rElec SInv}
   (You found it in a treasure trove)

   [ring of see invisible]

   rElec:     It insulates you from electricity.
   SInv:      It lets you see invisible.
 y - the ring "Yfri" (right hand) {rElec rF++ MP+9}
   (You bought it in a shop on level 5 of the Vaults)

   [ring of magical power]

   rF++:      It greatly protects you from fire.
   rElec:     It insulates you from electricity.
   MP+9:      It affects your magic capacity (+9).
 C - a ring of protection from cold
 H - a ring of poison resistance
 P - the ring of the Firefly {Fly rN++ Dex-3 SInv}
   (You took it off a vault sentinel on level 5 of the Vaults)

   [ring of see invisible]

   Dex-3:     It affects your dexterity (-3).
   rN++:      It greatly protects you from negative energy.
   SInv:      It lets you see invisible.
   Fly:       It grants you flight.
 R - the ring of Suspicion {MP+9 Str+6 Dex+3}
   (You found it in a treasure trove)

   [ring of strength]

   Str+6:     It affects your strength (+6).
   Dex+3:     It affects your dexterity (+3).
   MP+9:      It affects your magic capacity (+9).
 Z - the ring "Peisiw" {rCorr Slay-3 SInv Stlth+}
   (You took it off a tengu reaver on level 5 of the Vaults)

   [ring of see invisible]

   Slay-3:    It affects your accuracy & damage with ranged weapons and melee
   (-3).
   SInv:      It lets you see invisible.
   rCorr:     It protects you from acid and corrosion.
   Stlth+:    It makes you more stealthy.
Wands
 A - a wand of digging (33)
 J - a wand of acid (27)
 M - a wand of roots (39)
 T - a wand of mindburst (11)
Scrolls
 b - 4 scrolls of fear
 l - 13 scrolls of fog
 p - 8 scrolls of revelation
 r - 16 scrolls of teleportation
 I - 2 scrolls of blinking
 L - a scroll of butterflies
 O - 7 scrolls of immolation
 U - 3 scrolls of silence
 W - a scroll of enchant armour
 X - 3 scrolls of vulnerability
 Y - 6 scrolls of poison
Potions
 c - 7 potions of invisibility
 h - 7 potions of attraction
 q - 16 potions of curing
 s - 7 potions of resistance
 t - 9 potions of brilliance
 w - 3 potions of berserk rage
 x - 17 potions of might
 E - 6 potions of cancellation
 F - 5 potions of magic
 G - 8 potions of lignification
 K - 9 potions of mutation
 Q - 11 potions of heal wounds
 V - 7 potions of enlightenment
Miscellaneous
 S - a condenser vane


   Skills:
 + Level 19.3 Fighting
 - Level 15.0 Short Blades
 + Level 23.3 Dodging
 O Level 27 Stealth
 - Level 6.0 Shields
 - Level 17.0 Spellcasting
 - Level 6.0 Conjurations
 O Level 27 Hexes
 - Level 4.0 Summonings
 - Level 16.9 Necromancy
 - Level 6.4 Translocations
 - Level 8.0 Ice Magic
 - Level 4.1 Air Magic
 - Level 2.0 Earth Magic
 - Level 8.0 Alchemy
 - Level 10.0 Invocations


You had one spell level left.
You knew the following spells:

 Your Spells              Type           Power      Damage    Failure   Level
a - Haunt                 Necr/Summ      43%        N/A       4%          7
b - Confusing Touch       Hex            100%       N/A       0%          3
c - Tukima's Dance        Hex            100%       N/A       0%          3
d - Enfeeble              Hex            64%        N/A       0%          7
e - Passwall              Alch/Erth      54%        N/A       1%          2
f - Irradiate             Conj/Alch      37%        3d24      1%          5
g - Vhi's Electric Charg  Tloc/Air       100%       N/A       1%          4
h - Freezing Cloud        Conj/Ice/Air   35%        6-21      1%          5
i - Apportation           Tloc           100%       N/A       1%          1
j - Blink                 Tloc           100%       N/A       1%          2
k - Simulacrum            Ice/Necr       46%        N/A       1%          6
l - Infestation           Necr           53%        N/A       2%          8
m - Dispersal             Tloc           35%        N/A       4%          6

Your spell library contained the following spells:

 Spells                   Type           Power      Damage    Failure   Level
 Kiss of Death            Conj/Necr      100%       2d13      0%          1
 Necrotise                Necr           100%       1d9       0%          1
 Slow                     Hex            100%       N/A       0%          1
 Freeze                   Ice            100%       1d10      1%          1
 Magic Dart               Conj           100%       1d8       1%          1
 Sandblast                Erth           100%       2d20      1%          1
 Shock                    Conj/Air       100%       1d9       1%          1
 Sting                    Conj/Alch      100%       1d9       1%          1
 Summon Small Mammal      Summ           100%       N/A       1%          1
 Ensorcelled Hibernation  Hex/Ice        100%       N/A       0%          2
 Jinxbite                 Hex            100%       N/A       0%          2
 Sublimation of Blood     Necr           100%       N/A       0%          2
 Dazzling Flash           Conj/Hex       100%       N/A       0%          3
 Fugue of the Fallen      Necr           100%       N/A       0%          3
 Inner Flame              Hex/Fire       97%        N/A       0%          3
 Sigil of Binding         Hex            100%       N/A       0%          3
 Summon Guardian Golem    Hex/Summ       100%       N/A       0%          3
 Vampiric Draining        Necr           100%       2d13      0%          3
 Anguish                  Hex/Necr       59%        N/A       0%          4
 Animate Dead             Necr           100%       N/A       0%          4
 Cause Fear               Hex            64%        N/A       0%          4
 Dispel Undead            Necr           100%       3d31      0%          4
 Agony                    Necr           100%       N/A       0%          5
 Metabolic Englaciation   Hex/Ice        54%        N/A       0%          5
 Cigotuvi's Dreadful Rot  Necr/Alch/Air  100%       N/A       1%          2
 Lesser Beckoning         Tloc           100%       N/A       1%          2
 Mercury Vapours          Alch/Air       100%       N/A       1%          2
 Momentum Strike          Conj/Tloc      100%       3d10      1%          2
 Scorch                   Fire           68%        2d7       1%          2
 Searing Ray              Conj           100%       2d8       1%          2
 Static Discharge         Conj/Air       100%       3-8/arc   1%          2
 Frozen Ramparts          Ice            100%       1d16      1%          3
 Gell's Gravitas          Tloc           71%        N/A       1%          3
 Hailstorm                Conj/Ice       74%        3d13      1%          3
 Mephitic Cloud           Conj/Alch/Air  70%        N/A       1%          3
 Ozocubu's Armour         Ice            78%        N/A       1%          3
 Stone Arrow              Conj/Erth      100%       3d13      1%          3
 Swiftness                Air            61%        N/A       1%          3
 Teleport Other           Tloc           71%        N/A       1%          3
 Volatile Blastmotes      Fire/Tloc      100%       2d18      1%          3
 Airstrike                Air            30%        2d(5-21)  1%          4
 Animate Armour           Summ/Erth      100%       N/A       1%          4
 Brom's Barrelling Bould  Conj/Erth      60%        2d8       1%          4
 Flame Wave               Conj/Fire      55%        2d13      1%          4
 Fulminant Prism          Conj/Alch      37%        3d17      1%          4
 Ignite Poison            Fire/Alch      60%        N/A       1%          4
 Iskenderun's Mystic Bla  Conj/Tloc      70%        2d14      1%          4
 Leda's Liquefaction      Alch/Erth      32%        N/A       1%          4
 Manifold Assault         Tloc           71%        N/A       1%          4
 Olgreb's Toxic Radiance  Alch           78%        N/A       1%          4
 Petrify                  Alch/Erth      65%        N/A       1%          4
 Sticky Flame             Fire/Alch      60%        2d10      1%          4
 Summon Ice Beast         Ice/Summ       70%        N/A       1%          4
 Arcjolt                  Conj/Air       32%        1d42      1%          5
 Borgnjor's Vile Clutch   Necr/Erth      41%        N/A       1%          5
 Iskenderun's Battlesphe  Conj           70%        2d12      1%          5
 Death Channel            Necr           53%        N/A       1%          6
 Discord                  Hex            64%        N/A       1%          8
 Fireball                 Conj/Fire      27%        3d12      2%          5
 Lee's Rapid Deconstruct  Erth           25%        3d14*     4%          5
 Bombard                  Conj/Erth      30%        9d5       11%         6
 Summon Cactus Giant      Summ           30%        N/A       11%         6
 Ozocubu's Refrigeration  Ice            39%        4d16      11%         7
 Starburst                Conj/Fire      27%        6d9       16%         6
 Orb of Destruction       Conj           35%        9d10      24%         7
 Spellforged Servitor     Conj/Summ      32%        N/A       34%         7
 Lehudib's Crystal Spear  Conj/Erth      30%        10d8      98%         8
 Maxwell's Capacitive Co  Air            30%        ∞         98%         8
 Ignition                 Fire           17%        3d7       100%        8
 Chain Lightning          Conj/Air       32%        3d43      100%        9
 Polar Vortex             Ice            39%        12d5*     100%        9
 Death's Door             Necr           Unusable   N/A       N/A         9

Dungeon Overview and Level Annotations

Branches:
Dungeon (15/15)            Temple (0/1) D:6            Lair (5/5) D:10
 Shoals (4/4) Lair:3        Snake (4/4) Lair:3        Slime (5/5) Lair:4
    Orc (2/2) D:11            Elf (3/3) Orc:2        Vaults (5/5) D:13
  Crypt (3/3) Vaults:3       Tomb (0/3) Crypt:3      Depths (4/4) D:15
    Zot (5/5) Depths:4      Sewer (visited)           IceCv (visited)
 WizLab (visited)

Altars:
Ashenzari
Cheibriados
Dithmenos
Fedhas
Gozag
Hepliaklqana
Makhleb
Okawaru
Sif Muna
Yredelemnul

Shops:
D:9 *   D:12 ::   D:14 ((!*   D:15 :*   Orc:2 (((*   Elf:1 =*:((   Elf:2 ?
Elf:3 (   Shoals:1 *   Shoals:2 **   Vaults:1 ?   Vaults:2 !   Vaults:3 *
Vaults:5 =   Depths:3 *

Portals:
Hell: Depths:1 Depths:2 Depths:3 Depths:4
Abyss: Depths:1 Depths:2 Depths:3
Pandemonium: Depths:2 Depths:3
Ziggurat: Depths:2

Annotations:
D:14 3 runed translucent doors, Cadaeck's ghost, journeyman GrFi
Shoals:1 3 runed translucent doors, exclusion: obsidian statue, Jizeqel's ghost, journeyman OpCj
Shoals:3 Roxanne
Snake:3 exclusion: shock serpent
Elf:2 3 runed translucent doors
Elf:3 1 exclusion
Depths:2 exclusions: glass eye, great orb of eyes and 2 more exclusions


Innate Abilities, Weirdness & Mutations

Your natural rate of healing is accelerated.
You have razor-sharp teeth.
You have supernaturally acute eyesight. (SInv)
You are afflicted with vampirism and can become a bat while bloodless.
You occasionally lose the ability to drink potions when taking damage.


Message History

You hit the Brimstone Fiend but do no damage.
You hit the Brimstone Fiend.
The Brimstone Fiend is almost dead.
The Brimstone Fiend completely misses you. x3
Unknown command.
Unknown command.
You hit the Brimstone Fiend but do no damage.
You puncture the Brimstone Fiend!
You kill the Brimstone Fiend!
Cheibriados appreciates the change of pace.
Unknown command.
Unknown command.
Casting: Enfeeble (safe; 0% risk of failure)
Confirm with . or Enter, or press ? or * to list all spells.
Aiming: Haunt (mildly dangerous; 4% risk of failure)
Press: ? - help, Dir - move target, f/p - Tzitzimitl
Aim: a Tzitzimitl (weak, magic disrupted) Insubstantial figures form in the air.
The Tzitzimitl gestures at you.
The bolt of negative energy hits your freezing wraith.
Your freezing wraith completely resists.
The bolt of negative energy hits your wraith.
Your wraith completely resists.
The bolt of negative energy misses you.
Unknown command.
The Tzitzimitl barely misses your freezing wraith.
The Tzitzimitl bites your freezing wraith.
Your freezing wraith closely misses the Tzitzimitl.
Your freezing wraith hits the Tzitzimitl but does no damage.
Your phantasmal warrior misses the Tzitzimitl.
The Tzitzimitl falters for a moment.
Your phantasmal warrior hits the Tzitzimitl.
Your freezing wraith hits the Tzitzimitl.
Your freezing wraith freezes the Tzitzimitl.
The Tzitzimitl resists.
Your freezing wraith barely misses the Tzitzimitl.
Your magical contamination has completely faded away.
There is an open door here.
There is a staircase leading out of the dungeon here.
You have escaped!

###'###
#.
#....[#
#.
#.....#
##.
#.....#
##..
#.###.#
##.##
#.#.#.#
#.##
#.###.#
#.#
#.....#
#.##
#..@..#
##.##
#.....#
##..
#######
###


There were no monsters in sight!

Vanquished Creatures
  2 dread liches
  Khufu (Crypt:3)
  7 ancient liches
  An orb of fire (Zot:5)
  Sojobo (Vaults:4)
  Josephina (Crypt:3)
  Boris (thrice) (Vaults:3 Depths:1 Depths:3)
  7 Killer Klowns
  6 curse toes
  Vashnia (Snake:4)
  Saint Roka (Vaults:1)
  Nikola (Snake:4)
  4 golden dragons
  A bone dragon (Crypt:3)
  A Tzitzimitl (Depths:2)
  A profane servitor (Crypt:3)
  2 Brimstone Fiends
  2 electric golems (Zot:5)
  A Hell Sentinel (Zot:3)
  2 liches
  Zenata (Crypt:1)
  14 tentacled monstrosities
  Jorgrun (Snake:1)
  An Ice Fiend (Depths:3)
  3 quicksilver dragons
  6 sphinxes
  24 Orb Guardians
  5 titans
  4 krakens
  2 deep elf blademasters (Elf:3)
  Asterion (Snake:4)
  19 death cobs
  A deep elf master archer (Elf:3)
  4 ancient champions
  Frances (D:12)
  An Executioner (Zot:1)
  13 shadow dragons
  3 acid blobs
  5 tengu reavers
  Kirke (Elf:1)
  10 storm dragons
  Donald (Snake:2)
  Aizul (Snake:1)
  4 azure jellies
  4 nagarajas
  11 fire giants
  A rockslime (Slime:2)
  7 draconian monks
  2 fenstrider witches (Depths:3)
  A protean progenitor (Zot:4)
  5 draconian knights
  2 revenants
  2 iron dragons
  10 frost giants
  6 draconian shifters
  16 deep elf sorcerers
  15 vault wardens
  Louise (Depths:1)
  4 balrugs
  6 deep elf elementalists
  An orc warlord (Vaults:2)
  3 ghost moths
  A draconian scorcher (Zot:2)
  A shard shrike simulacrum (Crypt:3)
  2 spriggan defenders (Depths:2)
  A juggernaut skeleton (Depths:3)
  3 draconian stormcallers
  3 war gargoyles
  4 demonspawn corrupters (WizLab)
  A formless jellyfish (Vaults:4)
  A cacodemon (D:8)
  2 quicksilver oozes
  Nessos (D:12)
  11 stone giants
  8 ghouls
  16 ironbound preservers
  2 broodmothers (Zot:4)
  9 very ugly things
  2 ironbound thunderhulks
  9 green draconians
  9 deep elf death magi
  9 deep elf annihilators
  8 vampire knights
  An eleionoma (Depths:3)
  7 deep elf demonologists
  2 lorocyprocas
  7 white draconians
  9 yellow draconians
  4 red draconians
  7 black draconians
  7 spark wasps
  7 purple draconians
  Azrael (Orc:1)
  7 dire elephants (Vaults:4)
  3 eidola
  6 merfolk impalers
  7 fire dragons
  6 blizzard demons
  A green death (Depths:3)
  16 jiangshi
  2 merfolk javelineers
  15 ettins
  2 mummy priests (Crypt:3)
  11 yaktaur captains
  2 entropy weavers
  2 spectral spriggans (Crypt:3)
  9 great orbs of eyes
  A spriggan air mage (Depths:4)
  9 deep elf high priests
  Fannar (Lair:3)
  4 rakshasas
  16 ice dragons
  Erolcha (D:11)
  5 peacekeepers
  2 hell beasts
  8 hydras
  13 vault guards
  A catoblepas (Lair:5)
  11 ironbound frosthearts
  7 salamander tyrants
  3 merfolk avatars
  6 anacondas
  2 alligator snapping turtles
  3 boulder beetles
  A satyr (Shoals:4)
  5 two-headed ogres
  An ogre mage (Vaults:5)
  9 merfolk aquamancers
  4 death knights
  16 centaur warriors
  8 deep troll shamans
  13 naga warriors
  4 vampire magi
  10 deep troll earth magi
  A death scarab (Crypt:1)
  6 orc high priests
  5 tengu warriors
  14 dancing weapons
  A demonic crawler (Zot:3)
  5 occultists
  9 hell knights
  10 spriggan berserkers
  12 naga sharpshooters
  6 shock serpents
  5 sun demons
  4 soul eaters
  Nergalle (D:12)
  13 deep elf knights
  A titan skeleton (Depths:2)
  4 skysharks
  6 salamander mystics
  4 shadow wraiths
  10 iron trolls
  13 sea snakes
  A goliath frog (Zot:4)
  23 skeletal warriors
  5 flayed ghosts
  A glowing orange brain (shapeshifter) (Vaults:5)
  6 glowing orange brains
  A bunyip zombie (Crypt:1)
  55 deep trolls
  2 bog bodies
  A lindwurm (shapeshifter) (D:15)
  Pikel (D:7)
  A fenstrider witch simulacrum (Crypt:1)
  6 naga ritualists
  12 arcanists
  18 ironbound convokers
  27 harpies
  14 phantasmal warriors
  41 ugly things
  9 deep elf archers
  18 deep elf zephyrmancers
  9 necromancers
  13 lindwurms
  6 orc sorcerers
  A mana viper (shapeshifter) (Elf:1)
  17 salamanders
  5 mana vipers
  5 cyclopes
  A shining eye (Slime:2)
  32 deep elf pyromancers
  10 orc knights
  3 worldbinders (WizLab)
  2 fauns (Shoals:3)
  A frost giant zombie (Depths:3)
  A shadow dragon skeleton (Vaults:4)
  18 manticores
  A fire giant skeleton (Crypt:2)
  22 moths of wrath
  6 merfolk sirens
  2 kobold blastminers
  2 human skeletons (Vaults:4)
  An iron dragon skeleton (Depths:2)
  2 rust devils (D:7)
  10 naga magi
  13 vault sentinels
  3 smoke demons
  2 ice statues (IceCv)
  12 elephants
  5 guardian serpents
  44 black mambas
  A gargoyle (D:12)
  A torpor snail (WizLab)
  An orange demon (D:8)
  9 water nymphs
  A torpor snail (shapeshifter) (Vaults:4)
  A large abomination (Crypt:3)
  9 cane toads
  28 yaktaurs
  Jeremiah (D:6)
  An elephant slug zombie (Crypt:2)
  4 unseen horrors
  A yaktaur zombie (Vaults:4)
  A spark wasp simulacrum (Depths:3)
  2 hellions (Depths:3)
  4 rime drakes
  4 efreet (Zot:3)
  4 ice devils (Depths:3)
  2 spectral nagas (Crypt:3)
  11 komodo dragons
  9 freezing wraiths
  An anaconda simulacrum (IceCv)
  A tormentor (Depths:2)
  A dryad (Depths:3)
  7 guardian mummies (Crypt:3)
  A tengu conjurer (Depths:2)
  3 meliai (D:15)
  A troll (shapeshifter) (D:14)
  9 trolls
  A polar bear (shapeshifter) (Elf:2)
  26 merfolk
  3 red devils
  A moth of wrath zombie (Zot:1)
  A tengu simulacrum (Depths:3)
  Prince Ribbit (D:7)
  2 hornets (shapeshifter)
  4 hornets
  5 polar bears
  6 wind drakes
  12 snapping turtles
  8 dream sheep
  A satyr zombie (Crypt:1)
  An ettin zombie (Depths:2)
  18 blink frogs
  A guardian serpent skeleton (Crypt:2)
  4 glass eyes
  48 flying skulls (Crypt:3)
  53 slime creatures
  A jumping spider zombie (Crypt:2)
  8 spriggans
  3 shadows
  27 yaks
  20 water elementals
  3 spriggan skeletons
  3 wyverns
  A wyvern (shapeshifter) (Elf:2)
  4 air elementals
  8 wraiths
  2 golden eyes (WizLab)
  3 basilisks (Lair:5)
  5 fire elementals
  3 wargs
  A death yak simulacrum (IceCv)
  A redback simulacrum (D:14)
  An elf simulacrum (Vaults:4)
  4 steam dragons
  2 redbacks (Vaults:1)
  8 vampire mosquitoes
  A minotaur simulacrum (Crypt:3)
  34 nagas
  15 water moccasins
  Duvessa (D:6)
  2 hell hounds (Orc:2)
  3 ice beasts
  An acid dragon (D:11)
  19 orc warriors
  2 sky beasts
  10 black bears
  3 small abominations (Crypt:3)
  13 centaurs
  An ettin simulacrum (Crypt:2)
  A snapping turtle zombie (Crypt:2)
  6 ogres (D:11)
  14 wolves
  A phantom (D:5)
  A lemure (D:7)
  2 kobold brigands
  Blork the orc (D:6)
  A human zombie (Vaults:4)
  3 earth elementals
  A gnoll sergeant (D:9)
  18 bullfrogs
  5 scorpions
  A cane toad simulacrum (IceCv)
  6 necrophages
  An ogre simulacrum (Vaults:4)
  9 wights
  Dowan (D:6)
  An elephant simulacrum (IceCv)
  9 howler monkeys
  A wolf zombie (Crypt:1)
  2 electric eels (Lair:3)
  A human simulacrum (Vaults:4)
  6 hounds
  2 gnoll boudas
  25 orc priests
  A jelly (D:4)
  A black bear skeleton (Crypt:1)
  20 orc wizards
  A polar bear simulacrum (IceCv)
  A wolf simulacrum (IceCv)
  A naga skeleton (Crypt:1)
  7 adders
  12 gnolls
  A river rat (Sewer)
  A swamp drake zombie (Crypt:2)
  12 white imps (D:12)
  5 worms
  3 dart slugs
  46 orcs
  5 bats
  12 endoplasms
  3 giant cockroaches
  5 goblins
  2 hobgoblins
  5 jackals
  14 kobolds
  5 quokkas
  9 ball pythons
  A ball python skeleton (Crypt:1)
  3 frilled lizards
  A goblin zombie (Crypt:1)
  A jackal skeleton (Crypt:1)
  10 rats
  A spectral weapon (D:7)
2134 creatures vanquished.

Vanquished Creatures (collateral kills)
  An ancient lich (Vaults:5)
  Xtahua (Crypt:2)
  Boris (D:8)
  2 tentacled monstrosities
  A lich (Vaults:5)
  2 Orb Guardians (Zot:5)
  2 titans (Zot:3)
  A sphinx (Vaults:5)
  3 acid blobs
  A shadow dragon (Depths:4)
  4 tengu reavers
  A rockslime (Slime:4)
  A protean progenitor (Zot:4)
  A fire giant (Zot:3)
  A daeva (D:4)
  2 draconian knights
  2 draconian shifters
  4 frost giants
  A draconian scorcher (Zot:2)
  6 vault wardens
  An orc warlord (Vaults:3)
  A ghoul (Crypt:2)
  2 draconian annihilators
  A draconian stormcaller (Zot:4)
  3 ironbound preservers
  2 very ugly things (Depths:3)
  2 stone giants (Zot:3)
  3 green draconians
  2 vampire knights
  A deep elf demonologist (Vaults:5)
  2 deep elf death magi (Vaults:5)
  3 black draconians
  A purple draconian (Zot:5)
  4 red draconians
  3 white draconians
  A yellow draconian (Depths:4)
  3 ettins
  A merfolk javelineer (Shoals:3)
  A jiangshi (Crypt:2)
  A merfolk impaler (Shoals:1)
  A yaktaur captain (Vaults:2)
  A salamander tyrant (Depths:3)
  18 vault guards (Vaults:5)
  A death knight (Crypt:2)
  A centaur warrior (D:15)
  2 two-headed ogres
  A naga warrior (Snake:2)
  A deep troll earth mage (Depths:3)
  2 naga sharpshooters
  An orc high priest (Orc:2)
  2 spriggan berserkers (Depths:4)
  2 hell knights
  A skyshark (shapeshifter) (Vaults:5)
  A sixfirhy (D:8)
  Lodul (D:11)
  2 skeletal warriors (Crypt:2)
  A goliath frog (Zot:4)
  2 iron trolls
  A spriggan rider (Depths:4)
  13 deep trolls
  A spriggan simulacrum (Crypt:3)
  4 deep elf archers
  2 deep elf zephyrmancers (Elf:3)
  6 deep elf pyromancers
  A faun (Shoals:3)
  An orc knight (Vaults:2)
  3 ironbound convokers (Vaults:5)
  An ugly thing (Depths:3)
  4 salamanders
  5 moths of wrath (Zot:3)
  3 kobold blastminers
  2 merfolk sirens (Shoals:4)
  A naga mage (Snake:3)
  An orange demon (D:8)
  5 vault sentinels
  3 efreet
  12 yaktaurs
  A freezing wraith (Crypt:2)
  A red devil (Orc:2)
  A great orb of eyes zombie (Crypt:2)
  3 merfolk
  A troll (shapeshifter) (Vaults:5)
  A glass eye (shapeshifter) (Vaults:5)
  A glass eye (Slime:5)
  20 slime creatures
  3 spriggans (Depths:3)
  A wraith (Crypt:3)
  6 nagas
  8 orc warriors
  2 ogres (Orc:2)
  A centaur (D:9)
  3 kobold brigands
  A necrophage (Crypt:3)
  8 wights
  7 orc priests (Orc:2)
  A gnoll bouda (D:8)
  5 orc wizards (Orc:2)
  4 gnolls
  A worm zombie (Crypt:2)
  13 orcs
  10 kobolds
289 creatures vanquished.

Vanquished Creatures (others)
  A fenstrider witch simulacrum (Crypt:3)
  2 fauns (Shoals:3)
  2 moths of wrath (Zot:3)
  A salamander (Snake:4)
  A storm dragon simulacrum (Crypt:3)
  A human (Elf:1)
  70 dancing weapons
  An orc wizard (Orc:1)
  A nameless horror (Zot:4)
  A kobold (D:9)
81 creatures vanquished.

Grand Total: 2504 creatures vanquished

Notes
Turn   | Place    | Note
-------+----------+-------------------------------------------
     0 | D:1      | jestert79 the Vampire Enchanter began the quest for the
                  | Orb.
     0 | D:1      | Reached XP level 1. HP: 13/13 MP: 3/3
   417 | D:1      | Reached XP level 2. HP: 19/19 MP: 5/5
   886 | D:2      | Reached skill level 5 in Stealth
   908 | D:2      | Learned a level 2 spell: Ensorcelled Hibernation
   927 | D:2      | Reached skill level 5 in Hexes
  1530 | D:3      | Gained mutation: You are afflicted with vampirism and can
                  | become a bat while bloodless. [Vampire growth]
  1530 | D:3      | Reached XP level 3. HP: 24/24 MP: 6/6
  1708 | D:3      | Learned a level 3 spell: Confusing Touch
  1882 | D:3      | Reached XP level 4. HP: 30/30 MP: 4/7
  2206 | D:3      | Found a faded altar of an unknown god.
  2206 | D:3      | Found a burning altar of Makhleb.
  2214 | D:3      | Found an opulent altar of Gozag.
  2216 | D:3      | Found a blossoming altar of Fedhas.
  2220 | D:3      | Prayed at the altar of an unknown god.
  2220 | D:3      | Became a worshipper of Cheibriados the Contemplative
  2220 | D:3      | Reached * piety under Cheibriados
  2225 | D:3      | Found a faded altar of an unknown god.
  2483 | D:4      | Noticed a scorpion
  2488 | D:4      | Killed a scorpion
  2489 | D:4      | Reached XP level 5. HP: 35/35 MP: 8/8
  2715 | D:4      | Noticed a centaur
  2716 | D:4      | Found a basalt altar of Yredelemnul.
  2717 | D:4      | Killed a centaur
  2718 | D:4      | Reached skill level 1 in Ice Magic
  2718 | D:4      | Reached XP level 6. HP: 41/41 MP: 9/9
  2814 | D:4      | Learned a level 3 spell: Tukima's Dance
  2940 | D:4      | Reached ** piety under Cheibriados
  3333 | D:5      | Entered Level 5 of the Dungeon
  3608 | D:5      | Noticed an ice beast
  3730 | D:4      | Reached XP level 7. HP: 46/46 MP: 2/10
  4154 | D:5      | Reached skill level 5 in Short Blades
  4158 | D:5      | Learned a level 3 spell: Dazzling Flash
  4464 | D:6      | Noticed Duvessa
  4467 | D:6      | Noticed Dowan
  4477 | D:6      | Killed Duvessa
  4478 | D:6      | Reached XP level 8. HP: 53/53 MP: 8/12
  4487 | D:6      | Killed Dowan
  4487 | D:6      | Reached *** piety under Cheibriados
  4488 | D:6      | Reached skill level 1 in Fighting
  4615 | D:6      | Found a glowing drain.
  4635 | Sewer    | Entered a sewer
  5234 | Sewer    | Reached **** piety under Cheibriados
  5347 | D:6      | Found a staircase to the Ecumenical Temple.
  5478 | D:6      | Learned a level 2 spell: Passwall
  5500 | D:6      | Noticed Jeremiah
  5533 | D:6      | Killed Jeremiah
  5627 | D:6      | Noticed Blork the orc
  5636 | D:6      | Killed Blork the orc
  5906 | D:7      | Reached XP level 9. HP: 62/62 MP: 13/13
  5967 | D:7      | Reached skill level 10 in Stealth
  5967 | D:7      | Reached skill level 1 in Transmutations
  5967 | D:7      | Reached skill level 1 in Earth Magic
  6164 | D:7      | Noticed Prince Ribbit
  6168 | D:7      | Killed Prince Ribbit
  6290 | D:7      | Reached ***** piety under Cheibriados
  6376 | D:7      | Noticed Pikel
  6483 | D:7      | Killed Pikel
  6484 | D:7      | Reached skill level 5 in Dodging
  6484 | D:7      | Reached skill level 10 in Hexes
  7173 | D:8      | Reached XP level 10. HP: 72/72 MP: 12/14
  7322 | D:8      | Noticed a two-headed ogre
  7331 | D:8      | Killed a two-headed ogre
  7519 | D:8      | Found a shadowy altar of Dithmenos.
  7521 | D:8      | Found a hazy altar of Hepliaklqana.
  8274 | D:9      | Found Ytiaf's Assorted Antiques.
  8297 | D:9      | Bought a runed cloak for 232 gold pieces
  8304 | D:9      | Bought a wooden wand for 124 gold pieces
  8445 | D:9      | Reached skill level 5 in Fighting
  8880 | D:9      | Found a shimmering blue altar of Sif Muna.
  9217 | D:10     | Entered Level 10 of the Dungeon
  9226 | D:10     | Found a broken altar of Ashenzari.
  9273 | D:10     | Found a staircase to the Lair.
  9383 | D:10     | Reached ****** piety under Cheibriados
  9400 | D:10     | Reached XP level 11. HP: 80/80 MP: 15/17
  9408 | D:10     | Learned a level 5 spell: Irradiate
  9500 | D:10     | Found an iron altar of Okawaru.
  9554 | D:10     | Noticed a two-headed ogre
  9558 | D:10     | Killed a two-headed ogre
  9714 | D:10     | Reached skill level 1 in Conjurations
 10002 | D:11     | Noticed Erolcha
 10004 | D:11     | Killed Erolcha
 10179 | D:11     | Noticed Lodul
 10300 | D:11     | Found a staircase to the Orcish Mines.
 10883 | D:11     | Noticed a boulder beetle
 10888 | D:11     | Killed a boulder beetle
 11416 | Lair:1   | Entered Level 1 of the Lair of Beasts
 11616 | Lair:1   | Reached XP level 12. HP: 86/86 MP: 16/18
 11634 | Lair:1   | Reached skill level 5 in Transmutations
 11744 | Lair:1   | Reached skill level 10 in Short Blades
 11778 | Lair:1   | Upgraded the game from 0.31-a0-1237-gabc64e778c to
                  | 0.31-a0-1267-gfedaa18580
 12718 | Lair:2   | Reached skill level 15 in Stealth
 13218 | Lair:3   | Noticed Fannar
 13224 | Lair:3   | Killed Fannar
 13303 | Lair:3   | Noticed Sonja
 13306 | Lair:3   | Sonja changed into Sonja the elephant
 13306 | Lair:3   | Noticed Sonja
 13310 | Lair:3   | Killed Sonja the elephant
 13401 | Lair:3   | Reached skill level 10 in Dodging
 13448 | Lair:3   | Reached skill level 5 in Spellcasting
 13539 | Lair:3   | Reached XP level 13. HP: 93/93 MP: 20/20
 13552 | Lair:3   | Learned a level 4 spell: Vhi's Electric Charge
 13669 | Lair:3   | Found a staircase to the Snake Pit.
 13696 | Lair:3   | Reached skill level 1 in Invocations
 14110 | Lair:3   | Found a staircase to the Shoals.
 14319 | Lair:4   | Reached skill level 5 in Conjurations
 14708 | Lair:4   | Found a staircase to the Slime Pits.
 15135 | Lair:5   | Entered Level 5 of the Lair of Beasts
 16572 | Lair:5   | Reached XP level 14. HP: 89/103 MP: 14/21
 16902 | Orc:1    | Entered Level 1 of the Orcish Mines
 17531 | Orc:2    | Entered Level 2 of the Orcish Mines
 17538 | Orc:2    | Noticed Azrael
 17547 | Orc:1    | Killed Azrael
 17787 | Orc:2    | Found a staircase to the Elven Halls.
 18143 | Orc:2    | Reached skill level 5 in Invocations
 19037 | Orc:2    | Found Otast's Weapon Shoppe.
 19037 | Orc:2    | Found Ydalau's General Store.
 19043 | Orc:2    | Found Sajisk's Antique Weapon Shoppe.
 19043 | Orc:2    | Found Koochet's Weapon Emporium.
 19073 | Orc:2    | Bought a scroll of identify for 28 gold pieces
 19247 | Orc:2    | Bought an ivory falchion for 224 gold pieces
 19247 | Orc:2    | Identified the +1 falchion of Untruth {holy, +Blink rPois}
                  | (You bought it in a shop on level 2 of the Orcish Mines)
 19250 | Orc:2    | Bought a crude great sword for 322 gold pieces
 19250 | Orc:2    | Identified the +8 great sword "Plog" {heavy, Dex+2 Stlth+}
                  | (You bought it in a shop on level 2 of the Orcish Mines)
 19336 | D:12     | Noticed Nergalle
 19338 | D:12     | Killed Nergalle
 19390 | D:12     | Found a frozen archway.
 19398 | D:12     | Reached skill level 1 in Air Magic
 19408 | D:12     | Noticed Frances
 19425 | D:12     | Killed Frances
 19426 | D:12     | Reached skill level 1 in Translocations
 19452 | IceCv    | Entered an ice cave
 19458 | IceCv    | Found a transporter.
 19496 | IceCv    | Found a transporter.
 19665 | IceCv    | Got the Lectures on Anathema
 19750 | D:12     | Found Afforos's Book Emporium.
 19753 | D:12     | Bought a Trismegistus Codex for 364 gold pieces
 19898 | D:12     | Found Muigem's Book Boutique.
 19907 | D:12     | Bought a book of Cantrips for 204 gold pieces
 19920 | D:12     | Noticed Nessos
 19927 | D:12     | Killed Nessos
 20291 | D:13     | Reached skill level 1 in Shields
 20431 | D:13     | Identified the +4 hand axe "Rudarrun" {elec, rN+ rCorr}
 20465 | D:13     | Noticed an ironbound preserver
 20467 | D:13     | Found a gate to the Vaults.
 20476 | D:13     | Killed an ironbound preserver
 20549 | D:13     | Reached XP level 15. HP: 112/112 MP: 18/24
 20819 | D:14     | Found a runed translucent gate.
 20819 | D:14     | Found a runed translucent gate.
 20819 | D:14     | Found a runed translucent gate.
 20842 | D:14     | Found Rikihos's Distillery.
 20845 | D:14     | Bought a potion of heal wounds for 65 gold pieces
 20845 | D:14     | Bought a potion of heal wounds for 65 gold pieces
 20846 | D:14     | Noticed Cadaeck's ghost (journeyman GrFi)
 21021 | D:14     | Found Waong's Assorted Antiques.
 21338 | Lair:3   | Identified the +1 flail "Keisam" {spect, rPois rC- Int+6
                  | Dex+2}
 21666 | D:14     | Found Wewul's Weapon Shoppe.
 21759 | D:14     | Reached skill level 5 in Shields
 22015 | D:14     | Found Qeathramu's Antique Weapon Boutique.
 22575 | D:14     | Found the +8 pair of quick blades "Gyre" and "Gimble"
                  | {protect}
 22752 | D:15     | Entered Level 15 of the Dungeon
 22801 | D:15     | Learned a level 5 spell: Freezing Cloud
 22820 | D:15     | Found Kyokunloc's Fire Supplies.
 23129 | D:15     | Identified a scroll of acquirement
 23142 | D:15     | Acquired the Almanac of Power
 23288 | D:15     | Found Xutuqun's Book Shoppe.
 23296 | D:15     | Bought a book of Hexes for 504 gold pieces
 23519 | D:15     | Found a staircase to the Depths.
 23885 | Snake:1  | Entered Level 1 of the Snake Pit
 23933 | Snake:1  | Identified the serpent talisman of Dust Devil {rElec Will+}
 23933 | Snake:1  | Noticed Aizul
 23937 | Snake:1  | Killed Aizul
 24212 | Snake:1  | Noticed Jorgrun
 24284 | Snake:1  | Killed Jorgrun
 24591 | Snake:1  | Learned a level 7 spell: Enfeeble
 24797 | Snake:2  | Noticed a nagaraja
 24980 | Snake:2  | Killed a nagaraja
 25219 | Snake:2  | Noticed Donald
 25223 | Snake:2  | Killed Donald
 25323 | Snake:2  | Reached skill level 15 in Hexes
 25420 | Snake:2  | Reached XP level 16. HP: 119/119 MP: 24/28
 27362 | Snake:4  | Entered Level 4 of the Snake Pit
 27448 | Snake:4  | Noticed Asterion
 27546 | Snake:4  | Killed Asterion
 28458 | Snake:4  | Noticed Vashnia
 28911 | Snake:4  | Killed Vashnia
 28912 | Snake:4  | Reached XP level 17. HP: 127/127 MP: 13/29
 28995 | Snake:4  | Noticed Nikola
 29059 | Snake:4  | Killed Nikola
 29060 | Snake:4  | Reached skill level 10 in Fighting
 29704 | Snake:4  | Got a serpentine rune of Zot
 29960 | Shoals:1 | Entered Level 1 of the Shoals
 30321 | Shoals:1 | Noticed a kraken
 30330 | Shoals:1 | Killed a kraken
 30355 | Shoals:1 | Noticed a kraken
 30362 | Shoals:1 | Killed a kraken
 30450 | Shoals:1 | Found a runed translucent gate.
 30450 | Shoals:1 | Found a runed translucent gate.
 30450 | Shoals:1 | Found a runed translucent gate.
 30452 | Shoals:1 | Found an opulent altar of Gozag.
 30456 | Shoals:1 | Noticed Jizeqel's ghost (journeyman OpCj)
 30479 | Shoals:1 | Found Lehah's CLEARANCE SALE!.
 31141 | Shoals:2 | Found Giwkefre's General Store.
 31259 | Shoals:2 | Found Yzakkib's Specific Store.
 31271 | Shoals:2 | Bought a scroll of blinking for 105 gold pieces
 31271 | Shoals:2 | Bought a +2 pair of gloves of hurling for 301 gold pieces
 32203 | Shoals:3 | Learned a level 1 spell: Apportation
 32594 | Shoals:3 | Noticed Roxanne
 33253 | Shoals:4 | Entered Level 4 of the Shoals
 33270 | Shoals:3 | Reached XP level 18. HP: 97/136 MP: 12/30
 33712 | Shoals:4 | Learned a level 2 spell: Blink
 34038 | Shoals:4 | Reached skill level 15 in Dodging
 34049 | Shoals:4 | Got a barnacled rune of Zot
 34870 | D:11     | Killed Lodul
 34943 | D:13     | Upgraded the game from 0.31-a0-1267-gfedaa18580 to
                  | 0.31-a0-1308-ga3cce3a448
 34960 | Vaults:1 | Entered Level 1 of the Vaults
 35336 | Vaults:1 | Found Yretiupt's Magic Scroll Emporium.
 35343 | Vaults:1 | Bought a scroll of blinking for 75 gold pieces
 35343 | Vaults:1 | Bought a scroll of blinking for 75 gold pieces
 35997 | Vaults:1 | Noticed Saint Roka
 36006 | Vaults:1 | Killed Saint Roka
 36700 | Vaults:2 | Reached XP level 19. HP: 136/146 MP: 22/32
 36916 | Vaults:2 | Acquired a +2 pair of boots of flying
 36935 | Vaults:2 | You are sucked into a shaft and drop 2 floors!
 37757 | Vaults:2 | Found Vilo Dau's Distillery.
 37760 | Vaults:2 | Bought a potion of invisibility for 112 gold pieces
 37760 | Vaults:2 | Bought a potion of resistance for 140 gold pieces
 37760 | Vaults:2 | Bought a potion of resistance for 140 gold pieces
 37760 | Vaults:2 | Bought a potion of brilliance for 56 gold pieces
 38867 | Vaults:3 | Reached skill level 10 in Spellcasting
 38933 | Vaults:3 | Noticed Boris
 38972 | Vaults:3 | Killed Boris
 39040 | Vaults:3 | Found Rasoig's Assorted Antiques.
 39089 | Vaults:3 | Found a staircase to the Crypt.
 39707 | Vaults:3 | Reached XP level 20. HP: 156/156 MP: 34/34
 41040 | Vaults:4 | Noticed Sojobo
 41052 | Vaults:4 | Killed Sojobo
 41600 | Elf:1    | Entered Level 1 of the Elven Halls
 41680 | Elf:1    | Learned a level 6 spell: Simulacrum
 41950 | Elf:1    | Reached skill level 1 in Necromancy
 41979 | Elf:1    | Found Onits's Antique Weapon Shop.
 41990 | Elf:1    | Noticed Kirke
 41997 | Elf:1    | Found Eschooma's Antique Weapon Shop.
 41999 | Elf:1    | Killed Kirke
 42062 | Elf:1    | Found Wiov's Book Boutique.
 42069 | Elf:1    | Bought a book of Death for 528 gold pieces
 42209 | Elf:1    | Identified the +11 quarterstaff "Nupusish" {spect, rElec
                  | rF- rCorr}
 42210 | Elf:1    | Found Ciphysm's Jewellery Shop.
 42281 | Elf:1    | Found Zoery's General Store.
 42552 | Elf:1    | Reached skill level 5 in Ice Magic
 42615 | Elf:1    | Got Sif Muna's Octavo of Creative Impulse
 42754 | Elf:2    | Found a runed translucent gate.
 42754 | Elf:2    | Found a runed translucent gate.
 42754 | Elf:2    | Found a runed translucent gate.
 42818 | Elf:2    | Found Rosoimmo's Magic Scroll Shop.
 42831 | Elf:1    | Reached skill level 10 in Invocations
 42960 | Elf:2    | Paralysed by an air elemental for 1 turns
 43343 | Elf:2    | Reached skill level 5 in Necromancy
 43664 | Elf:3    | Entered Level 3 of the Elven Halls
 43686 | Elf:3    | Reached XP level 21. HP: 121/163 MP: 32/36
 44227 | Elf:3    | Found Jomeff's Weapon Shop.
 44578 | Elf:1    | Bought a wand of digging (6) for 403 gold pieces
 45170 | Elf:3    | Identified the +9 trident "Conservator" {flame, rElec
                  | rCorr}
 45305 | Elf:3    | Identified the +3 bardiche "Xaxah" {heavy, rElec}
 45753 | Elf:3    | Identified the +5 scimitar "Ushrysy" {venom, rElec Str-2
                  | Int+6 SInv}
 45758 | Elf:3    | Identified the +0 arbalest of Defiance {penet, *Corrode rF+
                  | Dex+3}
 45792 | Elf:3    | Got the Opusculum on the Gift
 46328 | Depths:1 | Entered Level 1 of the Depths
 46384 | Depths:1 | Noticed Boris
 46412 | Depths:1 | Killed Boris
 46534 | Depths:1 | Found a gateway to Hell.
 46735 | Depths:1 | Noticed Louise
 46745 | Depths:1 | Killed Louise
 46822 | Depths:1 | Found a one-way gate to the infinite horrors of the Abyss.
 47141 | Depths:2 | Reached skill level 10 in Necromancy
 47300 | Depths:2 | Found a magical portal.
 47309 | WizLab   | Entered Alistair's Party Mansion
 47905 | WizLab   | Reached XP level 22. HP: 171/171 MP: 38/38
 48484 | Depths:2 | Found a one-way gateway to a ziggurat.
 48955 | Depths:2 | Found a one-way gate leading to the halls of Pandemonium.
 50237 | Depths:3 | Noticed a golden dragon
 50769 | Depths:3 | Identified the +1 short sword "Mibylihe" {flame, rF+ rC+
                  | Dex-2}
 51273 | Depths:3 | Learned a level 8 spell: Infestation
 51282 | Depths:3 | Found Sofaighi's General Store.
 51454 | Depths:3 | Killed a golden dragon
 52806 | Depths:4 | Entered Level 4 of the Depths
 52849 | Depths:4 | Noticed Boris
 52875 | Depths:3 | Killed Boris
 53136 | Depths:4 | Reached XP level 23. HP: 179/179 MP: 36/41
 53370 | Depths:4 | Found a portal to a secret trove of treasure.
 54507 | Depths:4 | You paid a toll of a +5 demon trident to enter a treasure
                  | trove
 54508 | Trove    | Entered a treasure trove
 54514 | Trove    | Identified the amulet "Fuikalai" {rF+ Regen+ Str+7}
 54520 | Trove    | Identified the ring "Uhaibit" {rC+ rN+ Str+3 Int+3}
 54532 | Trove    | Identified the ring of Cexoxeblu {rF+ Dex+4}
 54538 | Trove    | Identified the ring of Darkness {Wiz Will+ Int+4}
 54545 | Trove    | Identified the ring of Finality {Fly rElec rN+ Stlth-}
 54549 | Trove    | Identified the ring of Riunt {rElec SInv}
 54558 | Trove    | Identified the ring of Suspicion {MP+9 Str+6 Dex+3}
 54564 | Trove    | Identified the +3 buckler of the Gloaming {rElec rC- rN+++}
 54569 | Trove    | Identified the +0 tower shield of Zowac {rElec rPois Str+3
                  | Dex-4}
 54572 | Trove    | Identified the +2 hat "Tygaimuc" {Str+3}
 55836 | Depths:4 | Identified the +0 flail "Qisijiuton" {drain, rPois Int+3}
 56033 | Depths:4 | Found a gate to the Realm of Zot.
 56853 | Slime:1  | Entered Level 1 of the Pits of Slime
 58369 | Slime:5  | Entered Level 5 of the Pits of Slime
 59217 | Vaults:5 | Entered Level 5 of the Vaults
 59222 | Vaults:5 | Found Hoigg's Jewellery Boutique.
 59269 | Vaults:5 | Noticed an ancient lich
 59280 | Vaults:5 | Killed an ancient lich
 59349 | Vaults:5 | Identified the +4 morningstar "Zuluraka" {protect, Will+}
 59447 | Vaults:5 | Reached skill level 15 in Fighting
 59692 | Vaults:5 | Identified the +3 robe of Jocular Liberty {Slay+2}
 59712 | Vaults:5 | Identified the ring of the Firefly {Fly rN++ Dex-3 SInv}
 59738 | Vaults:5 | Noticed an ancient lich
 59754 | Vaults:5 | Killed an ancient lich
 59763 | Vaults:5 | Reached skill level 15 in Spellcasting
 59949 | Vaults:5 | Reached XP level 24. HP: 178/189 MP: 27/42
 59996 | Vaults:5 | Identified the ring "Peisiw" {rCorr Slay-3 SInv Stlth+}
 60017 | Vaults:5 | Noticed a dread lich
 60017 | Vaults:5 | Noticed an ancient lich
 60033 | Vaults:5 | Killed an ancient lich
 60047 | Vaults:5 | Killed a dread lich
 60300 | Vaults:5 | Reached skill level 15 in Necromancy
 60384 | Vaults:5 | Noticed an ancient lich
 60679 | Vaults:5 | Noticed an ancient lich
 60706 | Vaults:5 | Killed an ancient lich
 60857 | Vaults:5 | Killed an ancient lich
 61104 | Vaults:5 | Got a silver rune of Zot
 61576 | Vaults:5 | Bought the ring "Yfri" {rElec rF++ MP+9} for 1133 gold
                  | pieces
 61620 | Vaults:3 | Reached skill level 27 in Stealth
 61919 | Zot:1    | Entered Level 1 of the Realm of Zot
 61919 | Zot:1    | Noticed a dread lich
 61919 | Zot:1    | Noticed an ancient lich
 61922 | Zot:1    | Killed a dread lich
 61926 | Zot:1    | Killed an ancient lich
 62154 | Zot:1    | Upgraded the game from 0.31-a0-1308-ga3cce3a448 to
                  | 0.31-a0-1321-g5021b54cb2
 62474 | Crypt:1  | Entered Level 1 of the Crypt
 62792 | Depths:3 | Bought a scroll of amnesia for 48 gold pieces
 62801 | Depths:3 | Learned a level 7 spell: Haunt
 63118 | Crypt:1  | Reached skill level 1 in Summonings
 63613 | Crypt:1  | Noticed Zenata
 63620 | Crypt:1  | Killed Zenata
 63779 | Crypt:2  | Noticed Xtahua
 64344 | Crypt:2  | Killed Xtahua
 64744 | Crypt:3  | Entered Level 3 of the Crypt
 64830 | Crypt:3  | Reached XP level 25. HP: 197/197 MP: 40/42
 65109 | Crypt:3  | Found a basalt altar of Yredelemnul.
 65922 | Crypt:3  | Identified the ring of Vuqawaerr {Ice ^Drain rN+ Will++
                  | rCorr}
 65922 | Crypt:3  | Noticed Josephina
 65932 | Crypt:3  | Killed Josephina
 66502 | Crypt:3  | Got Kikubaaqudgha's Grimoire of the Mausoleum
 66557 | Crypt:3  | Found a staircase to the Tomb.
 66557 | Crypt:3  | Noticed Khufu
 66605 | Crypt:3  | Killed Khufu
 67197 | D:14     | Bought a scroll of revelation for 277 gold pieces
 67197 | D:14     | Bought a scroll of blinking for 277 gold pieces
 67197 | D:14     | Bought a potion of invisibility for 296 gold pieces
 67677 | Zot:1    | Acquired a manual of Translocations
 67765 | Depths:4 | Acquired the +1 pair of boots of Afyfajap {rPois rN++ rCorr
                  | Int-2}
 68851 | Zot:2    | Noticed a Killer Klown
 68881 | Zot:2    | Killed a Killer Klown
 69117 | Zot:2    | Reached skill level 15 in Short Blades
 70109 | Zot:3    | Reached XP level 26. HP: 200/208 MP: 27/43
 70568 | Zot:3    | Learned a level 6 spell: Dispersal
 70649 | Zot:3    | Reached skill level 5 in Translocations
 72436 | Zot:4    | Found a blossoming altar of Fedhas.
 72635 | Zot:5    | Entered Level 5 of the Realm of Zot
 73775 | Zot:5    | Reached skill level 27 in Hexes
 73835 | Zot:5    | Noticed an orb of fire
 73863 | Zot:5    | Noticed an ancient lich
 74005 | Zot:5    | Gained mutation: You occasionally lose the ability to drink
                  | potions when taking damage. [an orb of fire]
 74031 | Zot:5    | Killed an orb of fire
 74114 | Zot:5    | Noticed an ancient lich
 74124 | Zot:5    | Killed an ancient lich
 74161 | Zot:5    | Killed an ancient lich
 74238 | Zot:5    | Reached XP level 27. HP: 181/219 MP: 44/44
 74567 | Zot:5    | Noticed an orb of fire
 74574 | Zot:5    | Got the Orb of Zot
 75148 | D:8      | Noticed Boris
 75163 | D:8      | Killed Boris
 75170 | D:7      | Identified the +7 scimitar of the Crafting Stoat {freeze,
                  | Dex+3}
 75170 | D:7      | Identified the +4 chain mail "Yseghy Mado" {Harm Int-2
                  | Dex+2}
 75170 | D:7      | Identified the +1 halberd of the Crafting Pill Bug {spect,
                  | rPois rN+}
 75425 | D:$      | Escaped with the Orb!

Illustrated notes

Levels and vault maps discovered:
D:1:      nicolae_arrival_memento_mori, layout_loops_ring
D:2:      minmay_chambers_of_ones, layout_loops_ring, grunt_decor_cap
D:3:      layout_rooms, chequers_temple_overflow_minitemple,
          serial_bayou_lagoon_a, hex_large, hangedman_decor_points,
          minmay_misc_feat_five, nrook_mini_vaults, grunt_decor_arrowhead,
          hangedman_glass_garden
D:4:      layout_loops_ring, gammafunk_temple_overflow_elements
D:5:      layout_cave_pools, mainiacjoe_overflow_small_starburst,
          serial_bayou_lake_a
D:6:      layout_basic, minmay_temple_entry_mini_moons,
          mainiacjoe_sewer_entry_somewhere_in_here_2, minmay_misc_feat_room,
          small_statue_intersection, uniq_blork_the_orc, uniq_duvessa,
          uniq_jeremiah
D:7:      cheibrodos_iron_armory, layout_loops_ring, nicolae_zig_zag_zippers,
          uniq_prince_ribbit1, uniq_pikel
D:8:      layout_basic, riverfiend_overflow_shadow_ancestor, kennysheep_nub
D:9:      minmay_evil_eye, layout_basic, marbit_many_paths, serial_shops,
          nicolae_shop_just_a_little_nook, kennysheep_another_room
D:10:     layout_loops_ring, lemuel_crystal_altar, okawaru_metal_pillars_1_2,
          due_lair_maze_entry_diamond
D:11:     layout_grid_maze, orc_0_dummy, uniq_lodul, uniq_erolcha
D:12:     layout_rooms, portal_ice_cave_entry_imps, serial_shops, shop,
          kennysheep_mini_moat, uniq_nergalle, uniq_nessos, uniq_frances
D:13:     layout_rooms, hellmonk_vaults_order_and_chaos, evilmike_butchery
D:14:     layout_basic, maelrawn_ghost_gauntlet_escape, serial_shops, shop,
          shop, shop, shop, amethyst_killhole,
          hellmonk_guarded_unrand_gyre_and_gimble
D:15:     grunt_enter_depths_snipers, layout_loops_ring, nicolae_two_hexagons,
          serial_shops, shop, nicolae_shop_fire_sale [nicolae_sub_dead_trees]
Lair:1:   layout_roguey, grunt_forest_large_clearings
Lair:2:   layout_cave_pods, grunt_forest_stairs_clearing
Lair:3:   layout_roguey, elwin_shoals_entry_rooms,
          minmay_snake_entry_six_corridors, fungi_pond_lemuel,
          chequers_serial_rivers_micro_d, minmay_lindwurm_lava, uniq_sonja,
          uniq_fannar
Lair:4:   layout_regular_city, slime_entry_1, grunt_megastairs_1
Lair:5:   hangedman_lair_in_review, layout_cave_pods
Shoals:1: layout_shoals, ebering_ghost_gozag, nicolae_shop_clearance
Shoals:2: layout_shoals, nicolae_specific_store
Shoals:3: layout_shoals, uniq_roxanne
Shoals:4: shoals_end_hangedman, layout_shoals, nicolae_shoals_lost_giant_hut
Snake:1:  layout_misc_corridors, uniq_jorgrun, uniq_aizul
Snake:2:  layout_misc_corridors, special_room, grunt_megastairs_3,
          lemuel_fruit_tree, uniq_donald
Snake:3:  layout_gridlike, nicolae_snake_lava_pool
Snake:4:  johnstein_snake_rune_scales, layout_rooms, uniq_vashnia, uniq_nikola,
          uniq_asterion
Slime:1:  layout_caves
Slime:2:  layout_caves
Slime:3:  layout_caves
Slime:4:  layout_caves
Slime:5:  slime_pit_nicolae_inversion
Orc:1:    layout_caves
Orc:2:    st_orc_mages, layout_diamond_mine,
          einodemon_armed_red_devil_minivault, uniq_azrael
Elf:1:    eino_elf_arrival_the_gate, layout_loops_cross, serial_shops,
          shop_statue, nicolae_shop_hallway_plus, shop,
          nicolae_shop_tiny_waterfront, shop, minmay_elf_sorcery, uniq_kirke
Elf:2:    nicolae_elf_blades_splatter_lattice [mumra_blade_entry_dagger],
          layout_loops_cross, nicolae_stop_n_shop_1, guppyfry_elf_castle
Elf:3:    minmay_elf_hall_four_x, layout_loops_ring, serial_shops,
          nicolae_shop_pleasant_corner_grove
Vaults:1: v_pattern_1, nicolae_vaults_frosty_reception,
          nicolae_vaults_what_the_h, vaults_standard_mumra_enter_the_diamond,
          vaults_room_stairs_pillars, nicolae_vaults_mitosis,
          nicolae_vaults_border_crossing, vaults_dpeg_doors,
          vaults_dpeg_encased_lava, layout_vaults_omnicross, serial_shops, shop,
          uniq_saint_roka
Vaults:2: nicolae_vaults_little_squares_3, nicolae_vaults_storage_room_doors,
          nicolae_vaults_tangram_1, nicolae_vaults_surprise_closet,
          grunt_vaults_bifocal, nicolae_vaults_closet_pinwheel_5,
          nicolae_vaults_trapezoid_lopsided_3, vaults_room_corners,
          serial_ice_g, nicolae_vaults_specimen_jars, layout_vaults_omnigrid,
          serial_shops, shop
Vaults:3: ontoclasm_vaults_gallery, ontoclasm_vaults_loading_screen,
          nicolae_vaults_trapezoid_4, minmay_crypt_entry_simple_box, v_misc_24,
          nicolae_vaults_ninety_degrees, v_misc_11, v_pattern_3,
          vaults_room_hallway, v_rooms_3, nicolae_vaults_six-pack,
          layout_vaults_ring, serial_shops, nicolae_shop_peninsula, uniq_boris
Vaults:4: st_more_cells, nicolae_vaults_lightning_bolt,
          nicolae_vaults_ellipses_ellipsis, nicolae_vaults_network_quinsquares
          [nicolae_vaults_network_quincunx_subvault,
          nicolae_vaults_network_quincunx_subvault,
          nicolae_vaults_network_quincunx_subvault,
          nicolae_vaults_network_quincunx_subvault],
          vaults_mumra_minichess_inversion, nicolae_vaults_network_periphery,
          hangedman_vaults_stream, nicolae_vaults_stairing_the_circle,
          hangedman_vaults_corner_blocks, ontoclasm_vaults_ring_large,
          nicolae_vaults_little_squares_2, layout_vaults_maze, uniq_sojobo
Vaults:5: serial_shops
Crypt:1:  layout_misc_corridors, hellmonk_scarab_ruin, uniq_zenata
Crypt:2:  layout_chaotic_city, uniq_xtahua
Crypt:3:  grunt_crypt_end_deaths_head, uniq_josephina, uniq_khufu
Depths:1: layout_cave_shapes, nicolae_abyss_entry_one_way_or_another,
          hell_entry, roderic_lattice_octagonal_star,
          nicolae_tso_swordbearing_angel
Depths:2: minmay_box_of_statues, layout_gridville, enter_ziggurat_c,
          mu_enter_wizlab_5, serial_glass, glass_columns_c, glass_columns_a,
          rand_demon_pan_entry_1, hangedman_abyss_entry_splay,
          grunt_hell_entry_dis_grunt, minivault_14, skrybe_limestone_x,
          grunt_decor_fettered, kennysheep_pointless_box
Depths:3: nicolae_terramorphic_expanse [nicolae_terramorphic_quarter,
          nicolae_terramorphic_quarter, nicolae_terramorphic_quarter,
          nicolae_terramorphic_quarter, nicolae_terramorphic_quarter,
          nicolae_terramorphic_biome, nicolae_terramorphic_biome,
          nicolae_terramorphic_biome, nicolae_terramorphic_biome],
          layout_honeycomb, abyss_entry_crystal, lightli_too_deep,
          rand_demon_pan_entry_8, serial_shops, nicolae_shop_real_fake_doors,
          minmay_fire_ice_demons
Depths:4: grunt_zot_entry_tricorne, layout_gridlike, dk_noncrumbling_2,
          hell_entry, enter_trove_0
Zot:1:    hangedman_snap_crack_crunch, layout_cathedral_of_symmetry
Zot:2:    layout_gridlike, skrybe_zot_glass_1
Zot:3:    lemuel_halls_of_wrath, layout_misc_corridors
Zot:4:    layout_misc_corridors, regret_index_zotdec_decaying_basic,
          regret_index_zotdec_split_disrupt
Zot:5:    layout_basic, st_stairs_11

Skill      XL: |  1  2  3  4  5  6  7  8  9 10 11 12 13 14 15 16 17 18 19 20 21 22 23 24 25 26 27 |
---------------+----------------------------------------------------------------------------------+-----
Stealth        | 5 6 7 8 9 11 12 14 15 17 18 19 21 22 23 24 25 26 27 | 27.0
Short Blades   | 2 3 4 5 6 7 8 9 10 11 13 14 15 | 15.0
Hexes          | 5 6 7 8 9 10 11 13 14 15 16 17 19 20 21 23 24 25 27 | 27.0
Ice Magic      | 1 2 4 6 8 |  8.0
Spellcasting   | 3 4 5 6 8 9 10 11 12 14 15 16 17 | 17.0
Fighting       | 2 4 5 7 8 9 10 12 13 14 15 16 17 18 19 | 19.3
Dodging        | 4 5 7 8 10 11 12 13 14 15 16 17 18 19 20 22 23 | 23.3
Transmutations | 2 4 7 8 9 |  0.0
Earth Magic    | 2 |  2.0
Conjurations   | 2 4 5 6 |  6.0
Invocations    | 4 5 7 8 10 | 10.0
Air Magic      | 2 3 4 |  4.1
Translocations | 1 6 |  6.4
Shields        | 2 6 |  6.0
Necromancy     | 5 10 13 14 16 | 16.9
Alchemy        | 8 |  8.0
Summonings     | 3 4 |  4.0

Action                     |  1- 3 |  4- 6 |  7- 9 | 10-12 | 13-15 | 16-18 | 19-21 | 22-24 | 25-27 || total
---------------------------+-------+-------+-------+-------+-------+-------+-------+-------+-------++-------
  Melee: Dagger            |    87 |    76 |   187 |   345 |   673 |       |       |       |       ||  1368
         Bite              |     8 |     4 |    22 |    34 |   113 |   405 |   682 |   995 |   800 ||  3063
         Punch             |     1 |     2 |     1 |       |       |       |       |       |       ||     4
         Pair of quick bla |       |       |       |       |   186 |  1976 |  2976 |  3738 |  3039 || 11915
  Throw: Dart              |       |       |       |       |     2 |     2 |       |       |       ||     4
   Cast: Ensorcelled Hiber |     5 |    23 |    41 |    93 |   140 |     6 |       |       |       ||   308
         Tukima's Dance    |       |     3 |    35 |    28 |   103 |   172 |    89 |    56 |    54 ||   540
         Confusing Touch   |       |       |     9 |    17 |    42 |    90 |     3 |    64 |    81 ||   306
         Passwall          |       |       |     3 |     1 |     5 |     7 |       |       |       ||    16
         Dazzling Flash    |       |       |       |     1 |       |       |       |       |       ||     1
         Irradiate         |       |       |       |     1 |    17 |    19 |    23 |    47 |    27 ||   134
         Vhi's Electric Ch |       |       |       |       |     4 |     5 |    24 |    23 |    10 ||    66
         Enfeeble          |       |       |       |       |     5 |    41 |   121 |   122 |   127 ||   416
         Freezing Cloud    |       |       |       |       |     1 |    13 |     3 |       |     8 ||    25
         Apportation       |       |       |       |       |       |     1 |       |     1 |     2 ||     4
         Simulacrum        |       |       |       |       |       |       |       |    34 |    10 ||    44
         Infestation       |       |       |       |       |       |       |       |     8 |     7 ||    15
         Haunt             |       |       |       |       |       |       |       |       |    27 ||    27
 Invoke: Temporal Distorti |       |       |       |       |       |     1 |       |       |       ||     1
         Slouch            |       |       |       |       |       |       |     1 |       |       ||     1
  Evoke: Wand              |       |       |       |     2 |    21 |     2 |     3 |     1 |     1 ||    30
    Use: Scroll            |       |       |    12 |    10 |    17 |     2 |     3 |     9 |    10 ||    63
         Potion            |       |       |     2 |       |     6 |     1 |       |     3 |     1 ||    13
   Stab: Sleeping          |     9 |    26 |    37 |   111 |   154 |    78 |    65 |    62 |    57 ||   599
         Confused          |       |       |    10 |    17 |    37 |    99 |     5 |    74 |    83 ||   325
         Invisible         |       |       |     1 |       |    12 |    33 |    98 |    72 |    93 ||   309
         Distracted        |       |       |     1 |     4 |     7 |     5 |    17 |    19 |    17 ||    70
 Armour: Robe              |    34 |    27 |    50 |    78 |   226 |   213 |   190 |   281 |   235 ||  1334
  Dodge: Dodged            |    35 |    29 |   109 |   296 |   746 |   866 |   765 |  1129 |  1025 ||  5000
  Block: Buckler           |       |       |       |       |   152 |       |       |       |       ||   152

Table legend: (Time is in decaauts)
 A = Elapsed time spent in this place.
 B = Non-inter-level travel time spent in this place.
 C = Inter-level travel time spent in this place.
 D = Time resting spent in this place.
 E = Time spent auto-exploring this place.
 F = Levels seen in this place.
 G = Mean time per level.
                   A        B        C        D        E       F      G
               +--------+--------+--------+--------+--------+-----+--------+
         Total | 119864 |  98317 |  21547 |  14218 |  25191 |  59 | 2031.6 |
       Dungeon |  28280 |  20810 |   7470 |   1654 |  11073 |  15 | 1885.3 |
          Lair |  11572 |   8706 |   2866 |    603 |   2029 |   5 | 2314.4 |
        Shoals |   8054 |   7484 |    570 |    866 |   2669 |   4 | 2013.5 |
     Snake Pit |  10024 |   7921 |   2103 |   1635 |    881 |   4 | 2506.0 |
    Slime Pits |   1543 |   1323 |    220 |    517 |     10 |   5 |  308.6 |
  Orcish Mines |   3408 |   3024 |    384 |    466 |    523 |   2 | 1704.0 |
   Elven Halls |   7336 |   6478 |    858 |   1093 |   1846 |   3 | 2445.3 |
        Vaults |  15294 |  12788 |   2506 |   1793 |   1954 |   5 | 3058.8 |
         Crypt |   6148 |   5587 |    561 |    968 |    961 |   3 | 2049.3 |
        Depths |  13687 |  11000 |   2687 |   2520 |   1578 |   4 | 3421.8 |
           Zot |  11650 |  10332 |   1318 |   1770 |    824 |   5 | 2330.0 |
         Trove |    352 |    352 |      0 |      0 |    182 |   1 |  352.0 |
         Sewer |   1107 |   1107 |      0 |     16 |    632 |   1 | 1107.0 |
      Ice Cave |    287 |    287 |      0 |    112 |      0 |   1 |  287.0 |
        Wizlab |   1115 |   1115 |      0 |    204 |     28 |   1 | 1115.0 |
               +--------+--------+--------+--------+--------+-----+--------+

Top non-repeatable levels by time:
    D:11: 4891 daAuts
Depths:3: 4486 daAuts
Depths:2: 3930 daAuts
Depths:4: 3736 daAuts
   Elf:3: 3524 daAuts
Vaults:5: 3504 daAuts
 Snake:3: 3422 daAuts
    D:15: 3342 daAuts
Vaults:2: 3162 daAuts
Vaults:3: 3148 daAuts
 Crypt:3: 3138 daAuts
    D:14: 3027 daAuts
  Lair:3: 2901 daAuts
 Snake:4: 2784 daAuts
Vaults:1: 2764 daAuts
